 Dungeon Crawl Stone Soup version 0.31.0-9-g3a7656b989 (webtiles) character file.

Game seed: 6887214555212121946

53 qw the Shooter (level 3, -1/20 HPs)
             Began as a Deep Elf Hunter on Feb 2, 2024.
             Slain by an orc priest
             ... wielding a +0 trident
              (8 damage)
             ... on level 3 of the Dungeon.
             The game lasted 00:00:05 (1886 turns).

qw the Shooter (Deep Elf Hunter)                    Turns: 1886, Time: 00:00:06

Health: -1/20      AC:  6    Str: 10    XL:     3   Next: 62%
Magic:  5/5        EV: 16    Int: 13    God:
Gold:   105        SH:  0    Dex: 18    Spells: 2/2 levels left

rFire   . . .        a - +0 shortbow
rCold   . . .        (shield currently unavailable)
rNeg    . . .        i - +0 ring mail
rPois   .            (no helmet)
rElec   .            (no cloak)
rCorr   .            (no gloves)
SInv    .            d - +0 pair of boots
Will    .....        f - amulet of faith
Stlth   +            j - +5 ring of evasion
HPRegen 0.23/turn    (no ring)
MPRegen 0.09/turn

%: faith
@: no status effects
A: no striking features
a: no special abilities


You were on level 3 of the Dungeon.
You visited 1 branch of the dungeon, and saw 3 of its levels.

You collected 105 gold pieces.


   Skills:
 - Level 1.5 Fighting
 + Level 7.1 Ranged Weapons
 - Level 2.4 Dodging
 - Level 1.2 Stealth


You had 2 spell levels left.
You didn't know any spells.
Your spell library was empty.

Inventory:

Hand Weapons
 a - a +0 shortbow (weapon)
Armour
 d - a +0 pair of boots (worn)
 i - a +0 ring mail (worn)
Jewellery
 f - an amulet of faith (around neck)
 j - a +5 ring of evasion (left hand)
Scrolls
 c - a scroll of identify
Potions
 b - a potion of heal wounds {unknown}
 h - a potion of haste {unknown}
 k - a potion of mutation {unknown}

Dungeon Overview and Level Annotations

Branches:
Dungeon (3/15)

Altars:

Annotations:
D:3 Jessica


Message History

An orc priest comes into view. It is wielding a +0 trident.
You shoot an arrow. The arrow hits the orc priest.
The orc priest shouts!
The orc priest is moderately wounded.
You hear a shout!
An orc comes into view. It is wielding a +0 hand axe.
You shoot an arrow. The orc shouts!
The arrow hits the orc priest but does no damage.
The orc priest is moderately wounded.
An endoplasm comes into view.
You shoot an arrow. The arrow closely misses the orc.
The arrow barely misses the endoplasm.
You shoot an arrow. The arrow hits the orc.
The orc is lightly wounded.
An orc comes into view. It is wielding a +0 club.
You shoot an arrow.
The arrow hits the orc but does no damage.
The orc is lightly wounded.
You shoot an arrow. The arrow hits the orc.
The orc is heavily wounded.
The orc priest looks satisfied for a moment.
You shoot an arrow. The arrow closely misses the orc.
The arrow hits the endoplasm!
You kill the endoplasm!
You shoot an arrow. The arrow hits the orc.
You kill the orc!
You shoot an arrow. The arrow barely misses the orc priest.
The arrow hits the orc!
You kill the orc!
The orc priest mumbles some strange prayers to Beogh against you.
Pain shoots through your body!
Ouch! That really hurt!
You shoot an arrow. The arrow hits the orc priest.
The orc priest is heavily wounded.
The orc priest hits you from afar with a +0 trident.
You shoot an arrow. The arrow barely misses the orc priest.
The orc priest looks satisfied for a moment.
The orc priest hits you from afar with a +0 trident!
You die...

*********,,,,* #.*#............
**,,***,,**,,,* #.*##...########
*,**,**,*****,* #.##....# #####
_*,**,**,*,,*,* #.#.....####....
***,**,**,*,,,####..........#.###
*,,***,,**,,,,.?##..#...##.#.###
********#,,,**#.#..#######.#....
*,,,,,....###.#.## #.####.
**,,,,...).o)@..# #.# #.
*,,,,.########## #.# #. *,,,,,*
#.# #. *,,,,,* #.##### *,,,,,*
#...... *,,,,,* ####### *,,,,,*
*,,,,,* *,,,,,*


You could see an orc priest.

Vanquished Creatures
  A ribbon worm (D:2)
  4 orcs (D:3)
  4 ball pythons
  6 endoplasms
  3 giant cockroaches
  2 goblins
  5 hobgoblins
  A quokka (D:1)
  8 bats
  A frilled lizard (D:2)
  3 kobolds
  3 rats
41 creatures vanquished.

Notes
Turn   | Place    | Note
-------+----------+-------------------------------------------
     0 | D:1      | qw the Deep Elf Hunter began the quest for the Orb.
     0 | D:1      | Reached XP level 1. HP: 12/12 MP: 3/3
     0 | D:1      | 0 ||| qw: Version: 0.3-a-155-g5e7d8dd
     0 | D:1      | 0 ||| qw: Game counter: 1709
     0 | D:1      | 0 ||| qw: Melee chars always use a shield: true
     0 | D:1      | 0 ||| qw: God list: Okawaru
     0 | D:1      | 0 ||| qw: Allow faded altars: false
     0 | D:1      | 0 ||| qw: Do Orc after clearing Dungeon:15 true
     0 | D:1      | 0 ||| qw: Do second Lair branch before Depths: true
     0 | D:1      | 0 ||| qw: Lair rune preference: random
     0 | D:1      | 0 ||| qw: Goals: Normal
     0 | D:1      | 0 ||| PLANNING D:1-11
   206 | D:1      | Reached XP level 2. HP: 16/16 MP: 4/4
   227 | D:1      | Reached skill level 6 in Ranged Weapons
   565 | D:1      | 565 ||| UPGRADING to +0 pair of boots.
   570 | D:1      | 570 ||| UPGRADING to +0 ring mail.
   580 | D:1      | 580 ||| DROPPING +0 leather armour.
   581 | D:1      | 581 ||| UPGRADING to amulet of faith.
   586 | D:1      | 586 ||| READING scroll labelled CYGIP YGRUGGE.
   586 | D:1      | 586 ||| IDENTIFYING grey potion
   587 | D:1      | 587 ||| DROPPING scroll of butterflies.
   588 | D:1      | 588 ||| DROPPING potion of degeneration.
   767 | D:2      | HP: 4/16 [ribbon worm (3)]
   945 | D:2      | You fall into a shaft and drop 1 floor!
   955 | D:3      | Reached XP level 3. HP: 20/20 MP: 5/5
   955 | D:3      | 955 ||| READING scroll labelled GEBAOZ TINWACU.
   956 | D:3      | 956 ||| READING scroll labelled HATAAC JUM COT.
   957 | D:3      | Noticed Jessica
   962 | D:3      | 962 ||| STAIRDANCE
  1607 | D:2      | 1607 ||| UPGRADING to +5 ring of evasion.
  1608 | D:2      | 1608 ||| READING scroll labelled FONA ASMOSH.
  1611 | D:2      | 1611 ||| READING scroll labelled CYLIFO CEHI.
  1612 | D:2      | 1612 ||| READING scroll labelled QAK BISTRA.
  1701 | D:3      | Reached skill level 7 in Ranged Weapons
  1886 | D:3      | Slain by an orc priest

Levels and vault maps discovered:
D:1:      amcnicky_arrival_single_pillar, layout_loops_ring
D:2:      layout_basic, serial_curves, eino_curves_04, eino_curves_04
D:3:      layout_basic, marbit_many_paths, nicolae_elevator_lobby_asterisk,
          uniq_jessica

Skill      XL: |  1  2  3 |
---------------+----------+-----
Ranged Weapons | 6 7 |  7.1
Fighting       | |  1.5
Dodging        | |  2.4
Stealth        | |  1.2

Action                     || total
---------------------------++-------
   Fire: Shortbow          ||   116
    Use: Scroll            ||     6
 Armour: Ring mail         ||    20
         Leather armour    ||     5
  Dodge: Dodged            ||    25

Table legend:
 A = Non-vault XP
 B = Vault XP
 C = Vault XP percentage of total XP
 D = Non-vault monster count
 E = Vault monster count
 F = Vault count percentage of total count
                 A         B        C        D         E       F
            +---------+---------+-------+---------+---------+-------
      Total |      76 |       0 |   0.0 |      41 |       0 |   0.0
            +---------+---------+-------+---------+---------+-------
        D:1 |      25 |       0 |   0.0 |      15 |       0 |   0.0
        D:2 |      28 |       0 |   0.0 |      15 |       0 |   0.0
        D:3 |      23 |       0 |   0.0 |      11 |       0 |   0.0
            +---------+---------+-------+---------+---------+-------
